 Dungeon Crawl Stone Soup version 0.17.0-25-gefc9c12 (webtiles) character file.

14 Medar the Magician (level 2, -1/17 HPs)
             Began as an Octopode Wizard on Nov 18, 2015.
             Slain by a kobold (4 damage)
             ... on level 1 of the Dungeon.
             The game lasted 00:03:32 (408 turns).

Medar the Magician (Octopode Wizard)                 Turns: 408, Time: 00:03:33

Health: -1/17      AC:  1    Str:  6    XL:     2   Next: 41%
Magic:  1/6        EV: 12    Int: 20    God:
Gold:   7          SH:  0    Dex: 10    Spells: 4 memorised, 0 levels left

rFire  . . .     SeeInvis .     a - -1 club (curse)
rCold  . . .     Clarity  .     (no shield)
rNeg   . . .     SustAt   .     h - +0 hat
rPois  .         Gourm    .     (no amulet)
rElec  .         Spirit   .     (no ring)
rCorr  .         Warding  .     (no ring)
rMut   .         Stasis   .     (no ring)
MR     .....                    (no ring)
Stlth  +++.......               (no ring)
                                (no ring)
                                (no ring)
                                (no ring)

@: very slightly contaminated, repel missiles, not resistant to hostile
enchantments, fairly stealthy
A: almost no armour, amphibious, 8 rings, constrict 8, camouflage 1, gelatinous
body 1
a: no special abilities


You were on level 1 of the Dungeon.
You were not hungry.

You visited 1 branch of the dungeon, and saw 1 of its levels.

You collected 7 gold pieces.

Inventory:

Hand Weapons
 a - a cursed -1 club (weapon)
Armour
 h - a +0 hat (worn)
Scrolls
 d - a scroll of blinking {unknown}
 e - a scroll of identify {@r2}
 i - a scroll of enchant armour {unknown}
Potions
 g - 2 potions of magic
Books
 b - a book of Minor Magic

   Spells                             Type                      Level
   a - Magic Dart                     Conjuration                  1
   b - Blink                          Translocation                2
   c - Call Imp                       Summoning                    2
   d - Repel Missiles                 Charms/Air                   2
   e - Slow                           Hexes                        2
   f - Conjure Flame                  Conjuration/Fire             3
   g - Mephitic Cloud                 Conjuration/Poison/Air       3
Comestibles
 c - a bread ration {@e1}
 f - 2 chunks of flesh


   Skills:
 - Level 2.0 Dodging
 - Level 2.6 Stealth
 - Level 3.0 Spellcasting
 + Level 2.3 Conjurations
 - Level 1.0 Summonings
 - Level 1.0 Translocations


You couldn't memorise any spells.
You knew the following spells:

 Your Spells              Type           Power        Failure   Level  Hunger
d - Call Imp              Summ           #.......     17%         2    ##.....
r - Repel Missiles        Chrm/Air       #.....       24%         2    ##.....
w - Blink                 Tloc           N/A          17%         2    ##.....
x - Magic Dart            Conj           ##..         6%          1    None


Dungeon Overview and Level Annotations

Branches:
Dungeon (1/15)

Altars:


Innate Abilities, Weirdness & Mutations

You cannot wear most types of armour.
You are amphibious.
You can wear up to eight rings at the same time.
You can use your tentacles to constrict eight enemies at once.
Your skin changes colour to match your surroundings (Stealth).
Your rubbery body absorbs attacks (AC +1).


Message History

The kobold is severely wounded.
The kobold hits you.
* * * LOW HITPOINT WARNING * * *
Casting: Magic Dart
Confirm with . or Enter, or press ? or * to list all spells.
Aiming: Magic Dart
Press: ? - help, Shift-Dir - straight line, f/p - kobold
Aim: a kobold (severely wounded)
You miscast Magic Dart.
You are very lightly contaminated with residual magic.
Nothing appears to happen.
The kobold misses you.
Casting: Magic Dart
Confirm with . or Enter, or press ? or * to list all spells.
Aiming: Magic Dart
Press: ? - help, Shift-Dir - straight line, f/p - kobold
Aim: a kobold (severely wounded)
The magic dart hits the kobold.
The kobold is severely wounded.
The kobold hits you.
You die...

..... #....##...# ...#
##...##.... . #..#
##.w##.... #.##...#####
#...#.... #..........##
#.#...... #.........†.#
#.##...## #.........#(#
#.####.##
#.##....###†###
#...##.# #
##....@K...######.##.##
##...............##.##
#.........).......[..
#..........###.##....
##.......#.# #.......
#......##.# ####..#.
#####...#..######...
.................
###.....#######..


You could see a kobold.

Vanquished Creatures
  2 goblins (D:1)
  3 bats (D:1)
  3 giant newts (D:1)
  4 jackals (D:1)
  A rat (D:1)
13 creatures vanquished.

Vanquished Creatures (others)
  5 toadstools (D:1)
5 creatures vanquished.

Grand Total: 18 creatures vanquished

Notes
Turn   | Place    | Note
--------------------------------------------------------------
     0 | D:1      | Medar the Octopode Wizard began the quest for the Orb.
     0 | D:1      | Reached XP level 1. HP: 11/11 MP: 4/4
   294 | D:1      | Reached XP level 2. HP: 17/17 MP: 3/6
   298 | D:1      | Learned a level 2 spell: Blink
   301 | D:1      | Learned a level 2 spell: Call Imp
   337 | D:1      | Learned a level 2 spell: Repel Missiles
   408 | D:1      | Slain by a kobold

Action                   || total
-------------------------++-------
Melee: Unarmed           ||     4
       Club              ||     5
 Cast: Magic Dart        ||    28
       Repel Missiles    ||     1
  Use: Scroll            ||     1
       Potion            ||     1
